 Dungeon Crawl Stone Soup version 0.14-a0-102-g2341383 (webtiles) character file.

28625 PolkaDot the Cloud Mage (level 13, -1/77 HPs)
             Began as a Vampire Wizard on Oct 2, 2013.
             Was the Champion of Sif Muna.
             Succumbed to poison (a sparkling fountain)
             ... in an ice cave.
             The game lasted 02:43:42 (22515 turns).

PolkaDot the Cloud Mage (Vampire Wizard)           Turns: 22515, Time: 02:43:42

HP  -1/77        AC 15     Str  7      XL: 13   Next:  6%
MP  36/39        EV 15     Int 23      God: Sif Muna [******]
Gold 786         SH  0     Dex 15      Spells:  8 memorised,  5 levels left

Res.Fire  : . . .   See Invis. : +   R - +1,+0 quarterstaff (protect)
Res.Cold  : . . .   Warding    : .   I - +0 robe {MR+}
Life Prot.: . . .   Conserve   : +   (no shield)
Res.Poison: .       Res.Corr.  : .   b - +1 wizard hat
Res.Elec. : .       Clarity    : .   p - +0 cloak
Sust.Abil.: . .     Spirit.Shd : .   d - +1 pair of gloves {Dex+3}
Res.Mut.  : .       Stasis     : .   w - +1 pair of boots
Res.Rott. : .       Flight     : .   H - amulet of conservation
Saprovore : . . .                    L - ring of magical power
                                     r - +2 ring of protection

@: regenerating very quickly, very poisoned, quite resistant to hostile
enchantments, stealthy
A: bottle blood, fangs 3, see invisible, unbreathing
a: Bottle Blood, Channel Energy, Forget Spell, Renounce Religion


You were in an ice cave.
You worshipped Sif Muna.
Sif Muna was exalted by your worship.
You were almost alive.

You visited 3 branches of the dungeon, and saw 16 of its levels.
You also visited: Ice Cave.

You collected 849 gold pieces.
You spent 83 gold pieces at shops.

Inventory:

Hand weapons
 R - a +1,+0 quarterstaff of protection (weapon)
Armour
 b - a +1 wizard hat (worn)
 d - a +1 pair of gloves of dexterity (worn)
 p - a +0 cloak (worn)
 w - a +1 pair of boots (worn)
 I - a +0 robe of magic resistance (worn)
 M - a +0 buckler
Magical devices
 i - a wand of flame (10)
 v - a wand of flame (13)
 A - a wand of frost (11)
 D - a wand of flame (12)
 F - a wand of confusion (20)
 K - a wand of paralysis (6)
 N - a wand of digging (11)
 T - a wand of cold (6)
Scrolls
 e - a scroll of summoning {unknown}
 f - a scroll of enchant weapon I
 J - 2 scrolls of blinking
 O - 2 scrolls of fear
Jewellery
 m - an uncursed ring of sustain abilities
 r - a +2 ring of protection (left hand)
 G - an uncursed amulet of stasis
 H - an amulet of conservation (around neck)
 L - a ring of magical power (right hand)
Potions
 j - a potion of flight
 o - 5 potions of blood
Books
 c - a book of Minor Magic

   Spells                             Type                      Level
   *Magic Dart                        Conjuration                  1
   *Blink                             Translocation                2
   Call Imp                           Summoning                    2
   Repel Missiles                     Charms/Air                   2
   Slow                               Hexes                        2
   *Conjure Flame                     Conjuration/Fire             3
   *Mephitic Cloud                    Conjuration/Poison/Air       3
 g - Rajan's Almanac of Air and Conjuration
   (Sif Muna gifted it to you in an ice cave)

   Spells                             Type                      Level
   *Deflect Missiles                  Charms/Air                   6
   Poisonous Cloud                    Conjuration/Poison/Air       6
   Chain Lightning                    Conjuration/Air              8
 h - the Guide on the Twisted Oath
   (You found it in an ice cave)

   Spells                             Type                      Level
   Confusing Touch                    Hexes                        1
   Animate Skeleton                   Necromancy                   1
   Dazzling Spray                     Conjuration/Hexes            3
   Cause Fear                         Hexes                        4
   Agony                              Necromancy                   5
   Metabolic Englaciation             Hexes/Ice                    6
 k - the Compendium of Curses and Augmentations
   (You found it on level 13 of the Dungeon)

   Spells                             Type                      Level
   Confusing Touch                    Hexes                        1
   Sure Blade                         Hexes/Charms                 2
   Spectral Weapon                    Hexes/Charms                 3
   Leda's Liquefaction                Hexes/Earth                  4
   Metabolic Englaciation             Hexes/Ice                    6
 l - a book of the Sky

   Spells                             Type                      Level
   *Flight                            Charms/Air                   3
   *Airstrike                         Air                          4
   Silence                            Hexes/Air                    5
   *Deflect Missiles                  Charms/Air                   6
   Conjure Ball Lightning             Conjuration/Air              6
   Tornado                            Air                          9
 q - a book of Cantrips

   Spells                             Type                      Level
   Confusing Touch                    Hexes                        1
   Animate Skeleton                   Necromancy                   1
   Summon Small Mammal                Summoning                    1
   Apportation                        Translocation                1
 y - a book of the Tempests

   Spells                             Type                      Level
   *Static Discharge                  Conjuration/Air              3
   Lightning Bolt                     Conjuration/Air              5
   Fireball                           Conjuration/Fire             5
   Tornado                            Air                          9
   Shatter                            Earth                        9
 P - a book of Callings

   Spells                             Type                      Level
   Summon Small Mammal                Summoning                    1
   Call Imp                           Summoning                    2
   Call Canine Familiar               Summoning                    3
   Summon Scorpions                   Summoning/Poison             4
   Summon Ice Beast                   Ice/Summoning                4
 S - a book of Wizardry

   Spells                             Type                      Level
   Summon Elemental                   Summoning                    4
   Agony                              Necromancy                   5
   Force Lance                        Conjuration                  5
   Fireball                           Conjuration/Fire             5
   Haste                              Charms                       6
   Invisibility                       Hexes                        6
Miscellaneous
 n - a bottled efreet
Rods
 a - a +1 lightning rod (10/10)
   (You found it on level 6 of the Dungeon)


   Skills:
 - Level 5.6 Dodging
 - Level 3.0 Stealth
 * Level 9.0 Spellcasting
 - Level 7.1 Conjurations
 - Level 8.0 Charms
   Level 1.0 Summonings
 - Level 0.7 Translocations
 - Level 0.8 Fire Magic
 + Level 13.9 Air Magic
 * Level 3.2 Poison Magic
 - Level 4.1 Invocations
 - Level 3.0 Evocations


You had 5 spell levels left.
You knew the following spells:

 Your Spells              Type           Power        Failure   Level  Hunger
a - Magic Dart            Conj           ####         1%          1    None
d - Mephitic Cloud        Conj/Pois/Air  #####...     1%          3    None
e - Flight                Chrm/Air       ######....   1%          3    None
q - Blink                 Tloc           N/A          10%         2    None
s - Conjure Flame         Conj/Fire      ####....     4%          3    None
w - Deflect Missiles      Chrm/Air       ######....   12%         6    ######.
x - Airstrike             Air            ######....   1%          4    ##.....
z - Static Discharge      Conj/Air       ######..     1%          3    None


Dungeon Overview and Level Annotations

Branches:
Dungeon (13/27)            Temple (1/1) D:7             Orc (0/4) D:7
   Lair (2/8) D:12

Altars:
Ashenzari
Cheibriados
Elyvilon
Fedhas
Kikubaaqudgha
Makhleb
Nemelex Xobeh
Okawaru
Sif Muna
Trog
Vehumet
Xom
Yredelemnul
Zin
the Shining One

Shops:
D:4 [   D:13 ?

Annotations:
D:10 Gastronok
D:13 Erica


Innate Abilities, Weirdness & Mutations

Your natural rate of healing is extremely fast.
You can bottle blood from corpses.
You have razor-sharp teeth.*
You have supernaturally acute eyesight.
You can survive without breathing.*


Message History

* * * LOW HITPOINT WARNING * * *
You feel very sick.
* * * LOW HITPOINT WARNING * * *
You feel very sick.
* * * LOW HITPOINT WARNING * * *
You feel sick.
* * * LOW HITPOINT WARNING * * *
You feel very sick.
* * * LOW HITPOINT WARNING * * *
You feel very sick.
Drink which item? (? for menu, Esc to quit)
Okay, then.
Okay, then.
Put on which piece of jewellery? (? for menu, Esc to quit)
Okay, then.
Okay, then.
Drink which item? (? for menu, Esc to quit)
You are much too full right now.
You start resting.
You die...

#.#####.## #.##
##.# #..####.##
##..##.## ##.##.##
#..##.# . ##.##.##
.. ##..###.# ..YC
##..@###.## ..UY.
#...#.[##.# ....
#...#)###.# #..#
#..###.≈#.##..#
#..#≈##≈#....#
#.##≈≈#≈≈##.##
#.##≈≈≈≈≈≈###
##.##≈≈≈≈≈########
#.#≈≈≈≈≈≈≈≈#≈≈≈≈#
#


There were no monsters in sight!

Vanquished Creatures
  A hydra (D:12)
  A death yak (IceCv)
  A centaur warrior (D:11)
  The ghost of dck the Carver, an experienced HEWr of Makhleb (Lair:1)
  Erolcha (D:8)
  An ice statue (IceCv)
  3 hill giants
  Pikel (D:7)
  A flaming corpse (D:9)
  A griffon (D:13)
  Joseph (D:12)
  2 cyclopes (D:12)
  A black mamba (Lair:2)
  Psyche (D:12)
  2 spiny frogs (Lair:1)
  3 trolls
  2 burning bushes (D:9)
  7 blink frogs (Lair:1)
  A queen bee (D:12)
  A komodo dragon (D:13)
  9 polar bears (IceCv)
  3 fire vortices (D:9)
  Prince Ribbit (D:7)
  A hydra skeleton (D:11)
  2 two-headed ogres
  3 basilisks (D:12)
  6 hungry ghosts
  18 yaks
  A wraith (D:11)
  2 hippogriffs
  A hill giant skeleton (D:12)
  16 wolves
  The ghost of casual the Changer, an average OpTm (D:4)
  Menkaure (D:7)
  An orc warrior (D:11)
  2 porcupines (Lair:2)
  3 sky beasts
  6 goliath beetles
  8 ice beasts
  7 ogres
  3 crocodiles
  10 giant frogs
  Duvessa (D:4)
  7 centaurs
  A big kobold (D:12)
  Blork the orc (D:7)
  An agate snail (Lair:1)
  3 water moccasins (Lair:1)
  2 cyclops zombies
  A wyvern skeleton (D:10)
  An eye of draining (D:13)
  A jellyfish (D:12)
  18 killer bees
  9 crimson imps
  2 electric eels (D:12)
  Dowan (D:4)
  4 fire bats (D:9)
  3 centaur zombies
  7 hounds
  A quasit (D:12)
  6 scorpions
  Crazy Yiuf (D:2)
  2 jellies (D:12)
  6 orc priests
  3 orc wizards
  2 giant frog skeletons
  An orange rat (D:8)
  9 worker ants
  11 iguanas
  A big kobold zombie (D:10)
  3 sheep (D:12)
  A sky beast zombie (D:12)
  Ijyb (D:7)
  Jessica (D:2)
  A boggart (D:7)
  2 worm zombies
  11 adders
  3 giant centipedes (Lair:2)
  3 green rats (D:8)
  A giant mite (D:6)
  An inept item mimic (D:6)
  12 white imps (Lair:2)
  8 worms
  2 adder skeletons
  A giant centipede zombie (D:11)
  4 grey rats (D:8)
  A giant eyeball (D:8)
  9 giant geckos
  30 orcs
  A ball python (D:5)
  A bat skeleton (D:4)
  7 giant cockroaches
  17 goblins
  14 hobgoblins
  5 quokkas
  24 bats
  A giant gecko skeleton (D:6)
  2 giant gecko zombies
  4 giant newts
  A hobgoblin zombie (D:5)
  14 kobolds
  17 rats
  A fungus (Lair:2)
448 creatures vanquished.

Vanquished Creatures (collateral kills)
  A killer bee (D:12)
1 creature vanquished.

Vanquished Creatures (others)
  4 polar bears (IceCv)
  A yak (IceCv)
  6 wolves (IceCv)
  3 slaves (D:7)
  An adder (D:7)
  A bat (D:7)
  A goblin (D:7)
  A plant (D:12)
18 creatures vanquished.

Grand Total: 467 creatures vanquished

Notes
Turn   | Place    | Note
--------------------------------------------------------------
     0 | D:1      | PolkaDot, the Vampire Wizard, began the quest for the Orb.
     0 | D:1      | Reached XP level 1. HP: 11/11 MP: 6/6
   248 | D:1      | Reached skill level 1 in Conjurations
   371 | D:1      | Reached XP level 2. HP: 17/17 MP: 0/8
  1209 | D:2      | Reached XP level 3. HP: 22/22 MP: 2/10
  1357 | D:2      | Noticed Jessica
  1365 | D:2      | Killed Jessica
  1756 | D:2      | Reached XP level 4. HP: 28/28 MP: 12/12
  1794 | D:2      | Noticed Crazy Yiuf
  1807 | D:2      | Killed Crazy Yiuf
  2165 | D:3      | Learned a level 3 spell: Conjure Flame
  2169 | D:3      | Learned a level 3 spell: Mephitic Cloud
  3064 | D:4      | Found Clirghash's Antique Armour Emporium.
  3068 | D:4      | Reached XP level 5. HP: 33/33 MP: 6/13
  3124 | D:4      | Bought a pair of glowing gloves for 37 gold pieces
  3124 | D:4      | Bought a pair of boots for 46 gold pieces
  3179 | D:5      | Entered Level 5 of the Dungeon
  3842 | D:5      | Reached skill level 4 in Conjurations
  4201 | D:7      | Found a staircase to the Orcish Mines.
  4271 | D:7      | Noticed Blork the orc
  4284 | D:7      | Killed Blork the orc
  4284 | D:7      | Reached XP level 6. HP: 39/39 MP: 2/15
  4325 | D:7      | Noticed Pikel
  4327 | D:7      | Noticed a slave
  4332 | D:7      | Noticed a slave
  4359 | D:7      | Noticed a slave
  4379 | D:7      | Killed Pikel
  4379 | D:7      | Reached skill level 6 in Conjurations
  4379 | D:7      | Reached XP level 7. HP: 44/44 MP: 6/17
  4475 | D:7      | Noticed Prince Ribbit
  4476 | D:7      | Noticed a sky beast
  4485 | D:7      | Killed a freed slave
  4549 | D:7      | Killed a freed slave
  4555 | D:7      | Killed a freed slave
  4588 | D:7      | Killed a sky beast
  4839 | D:7      | Noticed Ijyb
  4873 | D:7      | Killed Ijyb
  4917 | D:7      | Reached XP level 8. HP: 45/50 MP: 11/20
  5093 | D:7      | Noticed an ogre
  5104 | D:7      | Killed an ogre
  5186 | D:7      | Noticed Menkaure
  5199 | D:7      | Killed Menkaure
  5203 | D:7      | Killed Prince Ribbit
  5203 | D:7      | Reached skill level 5 in Spellcasting
  5347 | D:7      | Reached skill level 7 in Conjurations
  5626 | D:7      | Noticed a hungry ghost
  5631 | D:7      | Killed a hungry ghost
  5692 | D:7      | Found a staircase to the Ecumenical Temple.
  5698 | Temple   | Entered the Ecumenical Temple
  5796 | Temple   | Became a worshipper of Sif Muna the Loreminder
  5880 | D:5      | Noticed a centaur
  5887 | D:5      | Killed a centaur
  5887 | D:5      | Reached skill level 1 in Air Magic
  5957 | D:4      | Noticed casual's ghost (average OpTm)
  5976 | D:4      | Killed casual's ghost
  6456 | D:4      | Reached XP level 9. HP: 55/55 MP: 12/23
  6742 | D:4      | Noticed an ogre
  6753 | D:4      | Killed an ogre
  6753 | D:4      | Acquired Sif Muna's first power
  7049 | D:4      | Noticed Duvessa
  7052 | D:4      | Noticed Dowan
  7053 | D:4      | Killed Duvessa
  7056 | D:4      | Killed Dowan
  7056 | D:4      | Reached skill level 1 in Invocations
  7195 | D:6      | Noticed a centaur
  7203 | D:6      | Reached skill level 5 in Air Magic
  7216 | D:6      | Killed a centaur
  7455 | D:6      | Noticed an ogre
  7464 | D:6      | Killed an ogre
  8138 | D:6      | Found a glowing silver altar of Zin.
  8654 | D:8      | Noticed Erolcha
  8660 | D:8      | Killed Erolcha
  8660 | D:8      | Acquired Sif Muna's second power
  9211 | D:8      | Paralysed by a giant eyeball for 4 turns
  9345 | D:8      | Reached skill level 8 in Air Magic
  9524 | D:8      | Reached XP level 10. HP: 51/61 MP: 8/24
  9544 | D:8      | Gained mutation: Armour fits poorly on your strangely shaped body. [potion of mutation]
  9544 | D:8      | Gained mutation: You are frail (-10% HP). [potion of mutation]
  9544 | D:8      | Gained mutation: You are weak. (Str -2) [potion of mutation]
  9545 | D:8      | Lost mutation: You are frail (-10% HP). [potion of cure mutation]
  9545 | D:8      | Lost mutation: You are weak. (Str -2) [potion of cure mutation]
  9545 | D:8      | Lost mutation: Armour fits poorly on your strangely shaped body. [potion of cure mutation]
 10212 | D:9      | Found a blossoming altar of Fedhas.
 10218 | D:9      | Found an iron altar of Okawaru.
 10307 | D:9      | Noticed a flaming corpse
 10316 | D:9      | Reached skill level 1 in Evocations
 10401 | D:9      | Killed a flaming corpse
 10401 | D:9      | Reached skill level 9 in Air Magic
 10448 | D:9      | Learned a level 2 spell: Repel Missiles
 10662 | D:9      | Reached skill level 1 in Charms
 10815 | D:9      | Reached skill level 10 in Air Magic
 10817 | D:9      | Got a distressingly furry robe
 10818 | D:9      | Identified the cursed -5 robe "Ehuesmun" {+Fly rF++} (You found it on level 9 of the Dungeon)
 10927 | D:10     | Entered Level 10 of the Dungeon
 11109 | D:10     | Noticed Gastronok
 11688 | D:11     | Acquired Sif Muna's third power
 11992 | D:11     | Noticed a centaur warrior
 12061 | D:11     | Killed a centaur warrior
 12179 | D:11     | Learned a level 3 spell: Static Discharge
 12182 | D:11     | Learned a level 2 spell: Blink
 12316 | D:11     | Found a bloodstained altar of Trog.
 12357 | D:11     | Reached XP level 11. HP: 66/66 MP: 21/25
 12382 | D:11     | Reached skill level 11 in Air Magic
 13274 | D:11     | Noticed a hill giant
 13304 | D:11     | Killed a hill giant
 13401 | D:12     | Noticed Psyche
 13431 | D:12     | Killed Psyche
 13505 | D:12     | Reached skill level 5 in Charms
 13912 | D:12     | Reached skill level 12 in Air Magic
 14095 | D:12     | Noticed Joseph
 14123 | D:12     | Killed Joseph
 14940 | D:12     | Received a gift from Sif Muna
 15036 | D:12     | Learned a level 3 spell: Flight
 15041 | D:12     | Learned a level 4 spell: Airstrike
 15072 | D:12     | Found a staircase to the Lair.
 15202 | D:12     | Noticed a four-headed hydra
 15209 | D:12     | Killed a four-headed hydra
 16007 | D:13     | Reached skill level 13 in Air Magic
 16263 | D:13     | Noticed a hill giant
 16275 | D:13     | Killed a hill giant
 16275 | D:13     | Reached XP level 12. HP: 61/72 MP: 9/27
 17011 | D:13     | Got a crude flail
 17016 | D:13     | Identified the +9,+8 flail "Enluziul" {flame, Int+3} (You found it on level 13 of the Dungeon)
 17016 | D:13     | Identified the +9,+8 flail "Enluziul" {flame, Int+3} (You found it on level 13 of the Dungeon)
 17030 | D:13     | Identified the Compendium of Curses and Augmentations
 17478 | D:13     | Found Klaruiriuf's Magic Scroll Boutique.
 17653 | D:13     | Noticed Erica
 17675 | D:13     | Noticed a four-headed hydra
 17676 | D:13     | a four-headed hydra changed into a spiny worm
 17680 | D:13     | Noticed a ghost moth
 17843 | Lair:1   | Entered Level 1 of the Lair of Beasts
 18420 | Lair:1   | Noticed dck's ghost (experienced HEWr)
 18446 | Lair:1   | Killed dck's ghost
 18454 | Lair:1   | Learned a level 6 spell: Deflect Missiles
 19354 | Lair:1   | Reached skill level 5 in Dodging
 20140 | Lair:2   | Found a frozen archway.
 20150 | IceCv    | Entered an ice cave
 20251 | IceCv    | Received a gift from Sif Muna
 20252 | IceCv    | Identified Rajan's Almanac of Air and Conjuration (Sif Muna gifted it to you in an ice cave)
 21203 | IceCv    | Reached skill level 1 in Poison Magic
 21206 | IceCv    | throttle: near blodless, and blodless give u 2 res cold
 21987 | IceCv    | Identified the Guide on the Twisted Oath
 22152 | IceCv    | Reached XP level 13. HP: 36/77 MP: 7/30
 22475 | IceCv    | Noticed a frost giant
 22513 | IceCv    | HP: 3/77 [poison (a sparkling fountain)]
 22514 | IceCv    | HP: 1/77 [poison (a sparkling fountain)]
 22515 | IceCv    | Succumbed to poison (a sparkling fountain)

Action                   |  1- 3 |  4- 6 |  7- 9 | 10-12 | 13-15 || total
-------------------------+-------+-------+-------+-------+-------++-------
Melee: Unarmed           |     3 |       |       |       |       ||     3
       Hand axe          |    13 |       |       |       |       ||    13
       Dagger            |    35 |    91 |       |       |       ||   126
       Whip              |       |       |    45 |       |       ||    45
       Rod               |       |       |    19 |    36 |       ||    55
       Quarterstaff      |       |       |       |    63 |     5 ||    68
       Flail             |       |       |       |    14 |       ||    14
 Cast: Magic Dart        |    82 |    43 |   374 |   569 |       ||  1068
       Conjure Flame     |       |     7 |    42 |   173 |     1 ||   223
       Mephitic Cloud    |       |     2 |    13 |    55 |     1 ||    71
       Repel Missiles    |       |       |       |     5 |       ||     5
       Static Discharge  |       |       |       |    39 |       ||    39
       Airstrike         |       |       |       |    84 |    16 ||   100
       Blink             |       |       |       |     2 |       ||     2
       Flight            |       |       |       |     8 |     3 ||    11
       Deflect Missiles  |       |       |       |     1 |       ||     1
Invok: Channel Energy    |       |       |       |   153 |     9 ||   162
       Forget Spell      |       |       |       |     1 |       ||     1
 Abil: Bottle Blood      |       |       |       |     7 |     3 ||    10
Evoke: Wand              |       |       |     8 |    33 |       ||    41
       Rod               |       |       |     3 |    44 |       ||    47
  Use: Potion            |     3 |     1 |     1 |    11 |     4 ||    20
       Scroll            |       |     8 |     8 |    21 |       ||    37
 Stab: Sleeping          |     4 |     2 |     2 |       |       ||     8
       Confused          |       |       |     2 |     3 |       ||     5
       Paralysed         |       |       |     4 |       |       ||     4
       Distracted        |       |       |       |     1 |       ||     1
